 Dungeon Crawl Stone Soup version 0.31.0-10-gcf4a605ca0 (webtiles) character file.

Game seed: 12216900220468937075

51 monsoonserge the Grave Robber (level 3, -6/26 HPs)
             Began as a Hill Orc Necromancer on Jan 25, 2024.
             Mangled by a gnoll
             ... wielding a +0 whip
              (9 damage)
             ... on level 3 of the Dungeon.
             The game lasted 00:04:00 (1047 turns).

monsoonserge the Grave Robber (HONe)                Turns: 1047, Time: 00:04:01

Health: -6/26      AC:  3    Str: 10    XL:     3   Next: 81%
Magic:  5/5        EV: 11    Int: 17    God:
Gold:   91         SH:  0    Dex: 11    Spells: 4/5 levels left

rFire   . . .        j - +0 hand axe
rCold   . . .        (no shield)
rNeg    . . .        f - +0 leather armour
rPois   .            (no helmet)
rElec   .            (no cloak)
rCorr   .            (no gloves)
SInv    .            (no boots)
Will    .....        (no amulet)
Stlth   +            (no ring)
HPRegen 0.24/turn    (no ring)
MPRegen 0.09/turn

%: no passive effects
@: no status effects
A: no striking features
a: no special abilities


You were on level 3 of the Dungeon.
You visited 1 branch of the dungeon, and saw 3 of its levels.

You collected 91 gold pieces.

Inventory:

Hand Weapons
 j - a +0 hand axe (weapon)
Missiles
 g - 5 poisoned darts
Armour
 a - a +0 robe
 f - a +0 leather armour (worn)
Jewellery
 i - a +4 ring of protection
Scrolls
 c - a scroll of noise {unknown}
 d - 4 scrolls of enchant armour {unknown}
 k - 3 scrolls of identify {unknown}
Potions
 b - a potion of magic
 e - a potion of heal wounds {unknown}
 h - 2 potions of curing {unknown}
 l - a potion of ambrosia {unknown}
 m - a potion of haste {unknown}
 n - a potion of enlightenment {unknown}


   Skills:
 + Level 0.1 Fighting
 * Level 1.2 Axes
 * Level 1.3 Armour
 + Level 1.7 Dodging
 + Level 1.7 Stealth
 + Level 1.7 Spellcasting
 + Level 4.7 Necromancy


You had 4 spell levels left.
You knew the following spells:

 Your Spells              Type           Power      Damage    Failure   Level
a - Necrotise             Necr           68%        1d7       3%          1

Your spell library contained the following spells:

 Spells                   Type           Power      Damage    Failure   Level
 Vampiric Draining        Necr           17%        2d7       12%         3
 Animate Dead             Necr           17%        N/A       36%         4
 Curse of Agony           Necr           17%        N/A       71%         5


Dungeon Overview and Level Annotations

Branches:
Dungeon (3/15)

Altars:
Ru

Shops:
D:1 =


Message History

Aim: an adder (severely wounded, chance to affect: 81%)
The adder writhes in agony.
You kill the adder!
The dead are slithering!
The rat closely misses you.
Your Armour skill increases to level 1!
You closely miss the rat. The rat bites you.
Casting: Necrotise (safe; 3% risk of failure)
Confirm with . or Enter, or press ? or * to list all spells.
Aiming: Necrotise (safe; 3% risk of failure)
Press: ? - help, Shift-Dir - straight line, f - rat
Aim: a rat (ally target, chance to affect: 87%)
The rat writhes in agony.
You kill the rat!
The dead are walking!
The kobold barely misses you.
Unknown command.
You hit the kobold.
You kill the kobold!
Things that are here:
a +0 dagger; 5 stones; a kobold corpse You start resting.
Your adder skeleton crumbles into dust!
HP restored.
You start resting.
Your rat skeleton crumbles into dust!
Magic restored.
There is a stone staircase leading up here.
You climb upwards.
The gnoll barely misses you. The gnoll hits you with a +0 club.
There is a stone staircase leading down here.
The gnoll hits you with a +0 whip. The gnoll hits you with a +0 club.
You climb downwards.
There is a stone staircase leading up here.
Unknown command.
You hit the gnoll.
The gnoll is moderately wounded.
You closely miss the gnoll. The gnoll hits you with a +0 whip.
The gnoll hits you with a +0 club.
* * * LOW HITPOINT WARNING * * *
The gnoll hits you with a +0 whip!
You die...

#########
#.......#
#.⌠.⌠.⌠.#
.###.....g.#
.........g@#
####.......#
#.⌠.⌠.⌠.#
#.......#
#########


You could see 2 gnolls.

Vanquished Creatures
  An adder (D:3)
  A ribbon worm (D:2)
  2 dart slugs
  3 endoplasms (D:1)
  A giant cockroach (D:1)
  4 goblins
  4 hobgoblins
  2 quokkas (D:1)
  3 bats
  3 frilled lizards
  3 kobolds
  4 rats
31 creatures vanquished.

Vanquished Creatures (collateral kills)
  A goblin (D:1)
1 creature vanquished.

Grand Total: 32 creatures vanquished

Notes
Turn   | Place    | Note
-------+----------+-------------------------------------------
     0 | D:1      | monsoonserge the Hill Orc Necromancer began the quest for
                  | the Orb.
     0 | D:1      | Reached XP level 1. HP: 14/14 MP: 3/3
    63 | D:1      | Reached XP level 2. HP: 15/20 MP: 1/4
   542 | D:1      | Found Eguorgh's Jewellery Emporium.
   593 | D:1      | Reached XP level 3. HP: 17/26 MP: 5/5
   857 | D:2      | Found a sacrificial altar of Ru.
   895 | D:2      | Reached skill level 1 in Axes
   997 | D:3      | Reached skill level 1 in Armour
  1047 | D:3      | Mangled by a gnoll

Illustrated notes

Levels and vault maps discovered:
D:1:      evilmike_arrival_fibonacci_small, layout_basic, serial_shops,
          nicolae_shop_gaudy_bauble, minivault_26
D:2:      layout_basic, basic_altar
D:3:      layout_loops_corners, grunt_ministairs_3, minmay_misc_feat_tower,
          uniq_natasha

Skill      XL: |  1  2  3 |
---------------+----------+-----
Axes           | 1 |  1.2
Armour         | 1 |  1.3
Fighting       | |  0.1
Dodging        | |  1.7
Stealth        | |  1.7
Spellcasting   | |  1.7
Necromancy     | |  4.7

Action                     || total
---------------------------++-------
  Melee: Club              ||    21
         Hand axe          ||    36
   Cast: Necrotise         ||    28
   Stab: Sleeping          ||     1
 Armour: Robe              ||    11
         Leather armour    ||    32
  Dodge: Dodged            ||    56
